 Dungeon Crawl Stone Soup version 0.29-a0-700-g2f1814c (webtiles) character file.

Game seed: 157441772073873631

17991 PurpleRed the Eclecticist (level 12, -9/64 HPs)
             Began as a Deep Elf Brigand on June 25, 2022.
             Was an Elder of Vehumet.
             Mangled by a boulder beetle (20 damage)
             ... on level 2 of the Lair of Beasts.
             The game lasted 01:50:31 (6567 turns).

PurpleRed the Eclecticist (Deep Elf Brigand)        Turns: 6567, Time: 01:50:31

Health: -9/64      AC:  9    Str: 11    XL:     12   Next: 23%
Magic:  13/33      EV: 12    Int: 22    God:    Vehumet [****..]
Gold:   255        SH:  0    Dex: 12    Spells: 13/41 levels left

rFire   . . .      SeeInvis .   b - +2 whip (elec)
rCold   . . .      Faith    .   (no shield)
rNeg    + . .      Spirit   .   N - +0 troll leather armour
rPois   +          Reflect  .   (no helmet)
rElec   .          Harm     .   z - +1 cloak
rCorr   +          Rampage  .   v - +2 pair of gloves
Will    ++...                   (no boots)
Stlth   ++........              (no amulet)
HPRegen 1.00/turn               y - ring of willpower
MPRegen 0.23/turn               J - ring "Moorgh" {rPois rN+ rCorr Str+3 Dex-4}

@: about to teleport, studying Shields
A: no striking features
a: Renounce Religion


You were on level 2 of the Lair of Beasts.
You worshipped Vehumet.
Vehumet was greatly pleased with you.
You visited 3 branches of the dungeon, and saw 15 of its levels.
You also visited: Bailey.

You collected 577 gold pieces.
You spent 322 gold pieces at shops.

Inventory:

Hand Weapons
 b - a +2 whip of electrocution (weapon)
 i - a +0 hand axe
 H - a +3 dagger
 K - a +2 short sword of holy wrath
 P - a +1 vampiric dagger
 T - a +2 short sword of holy wrath
Missiles
 d - 15 poisoned darts (quivered)
 e - a curare-tipped dart
 q - 10 boomerangs
 s - 2 throwing nets
 O - 2 javelins
Armour
 f - a +0 kite shield
 k - +0 steam dragon scales
 l - a +0 robe
 p - +0 acid dragon scales
 v - a +2 pair of gloves (worn)
 w - the +1 scale mail "Xaczudul" {rElec Int+4}
   (You found it on level 4 of the Dungeon)

   Int:       It affects your intelligence (+4).
   rElec:     It insulates you from electricity.
 z - a +1 cloak (worn)
 N - a +0 troll leather armour (worn)
Magical Staves
 a - a staff of fire
Jewellery
 c - a ring of see invisible
 r - a +4 ring of slaying
 t - a ring of positive energy
 y - a ring of willpower (left hand)
 F - a ring of fire
 J - the ring "Moorgh" (right hand) {rPois rN+ rCorr Str+3 Dex-4}
   (You found it on level 7 of the Dungeon)

   [ring of positive energy]

   Str:       It affects your strength (+3).
   Dex:       It affects your dexterity (-4).
   rPois:     It protects you from poison.
   rN:        It protects you from negative energy.
   rCorr:     It protects you from acid and corrosion.
 S - a ring of ice
Wands
 h - a wand of flame (10)
 Q - a wand of light (7)
Scrolls
 m - 2 scrolls of enchant armour
 E - 2 scrolls of fog
 G - 8 scrolls of identify
 I - 2 scrolls of magic mapping
 L - 3 scrolls of poison
 R - 3 scrolls of teleportation
 U - a scroll of fear
Potions
 g - 5 potions of brilliance
 j - 2 potions of curing
 n - 3 potions of attraction
 o - 2 potions of haste
 u - 5 potions of heal wounds
 x - 2 potions of lignification
 A - a potion of mutation
 B - a potion of invisibility
 C - 2 potions of resistance
 D - 2 potions of cancellation
 M - a potion of flight


   Skills:
 - Level 3.0 Fighting
 - Level 2.0 Short Blades
 - Level 2.0 Throwing
 - Level 3.0 Dodging
 - Level 4.8 Stealth
 + Level 15.3 Spellcasting
 + Level 12.9 Conjurations
 - Level 4.0 Hexes
 - Level 3.0 Necromancy
 - Level 3.0 Translocations
 + Level 8.1 Fire Magic
 - Level 6.0 Poison Magic


You had 13 spell levels left.
You knew the following spells:

 Your Spells              Type           Power      Damage    Failure   Level
a - Sting                 Tmut/Pois      100%       1d8       1%          1
b - Fulminant Prism       Conj/Hex       26%        3d14      1%          4
c - Olgreb's Toxic Radia  Pois           43%        N/A       1%          4
d - Vampiric Draining     Necr           30%        2d8       4%          3
e - Iskenderun's Mystic   Conj/Tloc      51%        2d11      1%          4
f - Fireball              Conj/Fire      29%        3d13      1%          5
g - Starburst             Conj/Fire      29%        6d9       2%          6
h - Slow                  Hex            100%       N/A       1%          1

Your spell library contained the following spells:

 Spells                   Type           Power      Damage    Failure   Level
 Magic Dart               Conj           100%       1d8       0%          1
 Poisonous Vapours        Pois/Air       60%        N/A       1%          2
 Searing Ray              Conj           100%       2d8       1%          2
 Dazzling Flash           Conj/Hex       100%       N/A       1%          3
 Confusing Touch          Hex            34%        N/A       2%          3
 Tukima's Dance           Hex            34%        N/A       2%          3
 Lightning Bolt           Conj/Air       22%        1d38      2%          5
 Portal Projectile        Hex/Tloc       64%        N/A       3%          3
 Beastly Appendage        Tmut           32%        N/A       4%          1
 Spider Form              Tmut/Pois      30%        N/A       4%          3
 Wereblood                Tmut           16%        N/A       7%          2
 Airstrike                Air            8%         N/A       13%         4
 Passage of Golubria      Tloc           30%        N/A       14%         4
 Yara's Violent Unravell  Hex/Tmut       12%        3d7       16%         5
 Summon Lightning Spire   Summ/Air       16%        N/A       43%         4
 Blade Hands              Tmut           8%         N/A       78%         5


Dungeon Overview and Level Annotations

Branches:
Dungeon (11/15)            Temple (1/1) D:4            Lair (3/6) D:11
    Orc (0/2) D:9          Bailey (visited)
  Swamp: Lair:2-4    Shoals: Lair:2-4     Snake: Lair:2-4    Spider: Lair:2-4

Altars:
Ashenzari
Cheibriados
Dithmenos
Elyvilon
Fedhas
Gozag
Hepliaklqana
Kikubaaqudgha
Makhleb
Nemelex Xobeh
Okawaru
Qazlal
Ru
Sif Muna
Trog
Uskayaw
Vehumet
Wu Jian
Xom
Yredelemnul
Zin
The Shining One

Shops:
D:1 =   D:4 *   D:10 =

Annotations:
D:3 2 runed translucent doors, toto42's ghost, amateur MiFi
D:7 1 transporter, porkupine's ghost, novice NaDe
D:8 3 runed translucent doors, Dega's ghost, novice SpHu


Message History

The blast of energy engulfs the black mamba!
The black mamba is lightly wounded.
A komodo dragon comes into view.
You hear an angry hiss.
Casting: Fulminant Prism (safe; 1% risk of failure)
Confirm with . or Enter, or press ? or * to list all spells.
Aiming: Fireball (dangerous; 1% risk of failure)
Press: ? - help, Shift-Dir - straight line, f - black mamba
Aim: a black mamba (lightly wounded)
The fireball explodes!
The fireball engulfs the black mamba!!
The black mamba is severely wounded.
Casting: Fireball (dangerous; 1% risk of failure)
Confirm with . or Enter, or press ? or * to list all spells.
Aiming: Fireball (dangerous; 1% risk of failure)
Press: ? - help, Shift-Dir - straight line, p - black mamba The fireball explodes!
The fireball engulfs the black mamba!!
You kill the black mamba!
Vehumet accepts your kill.
You feel your power returning.
You see here a basilisk corpse.
A water moccasin comes into view.
You hear the thunderous beating of a drum very nearby.
The komodo dragon hisses menacingly.
You see here a yak corpse.
There is a stone staircase leading up here.
You climb upwards.
There is a stone staircase leading down here.
The boulder beetle curls into a ball and begins rolling!
The boulder beetle attacks as you move away!
The boulder beetle hits you!!!
Ouch! That really hurt!
* * * LOW HITPOINT WARNING * * *
The boulder beetle stops rolling and uncurls.
You feel much better. The boulder beetle barely misses you.
As you read the scroll of teleportation, it crumbles to dust.
You feel strangely unstable. The boulder beetle bites you!!
* * * LOW HITPOINT WARNING * * *
The boulder beetle attacks as you move away!
The boulder beetle bites you!!
You die...

#.# #P.#...... ##.# ##
#.#+.#.#P .#
#..###.####........ ... ##
#...##..#...>.....
...##P####............#....
.....................#.###P
.........°...........### #
....#.#..#+B#........#
..#.......@.#.........#
.......>....#.####.P..#
..............# #P#..#
..P.........#.# ###..#
..####..#####..# ..## .
..... ## .. ...... .
....... #+#....#


You could see a boulder beetle.

Vanquished Creatures
  A rakshasa (D:9)
  A hydra (D:9)
  A boulder beetle (D:9)
  A two-headed ogre (D:10)
  A tengu warrior (D:9)
  An ugly thing (D:9)
  2 cyclopes (D:9)
  A manticore (D:9)
  3 black mambas
  3 cane toads
  A rime drake (shapeshifter) (D:9)
  A rime drake (Lair:3)
  An unseen horror (D:11)
  2 trolls
  2 polar bears
  3 blink frogs (Lair:3)
  A shadow (D:9)
  A wraith (D:10)
  17 yaks
  2 wyverns
  Eustachio (D:4)
  4 steam dragons
  3 basilisks
  Menkaure (D:7)
  An acid dragon (D:10)
  7 water moccasins
  A sky beast (D:7)
  2 black bears
  An ogre (D:4)
  4 orc warriors
  6 ice beasts
  2 centaurs
  7 wolves
  2 phantoms
  3 kobold brigands
  7 bullfrogs
  2 scorpions
  5 wights (D:9)
  5 killer bees (D:8)
  3 electric eels (D:10)
  2 howler monkeys
  A jelly (D:5)
  5 orc priests
  5 hounds
  2 iguanas
  6 orc wizards
  A centaur simulacrum (D:9)
  18 gnolls
  6 adders
  A shadow imp (D:7)
  3 white imps
  2 ufetubi
  3 worms
  3 dart slugs
  27 orcs
  9 ball pythons
  6 endoplasms
  4 giant cockroaches
  6 goblins
  3 hobgoblins
  10 kobolds
  2 quokkas
  A bat (D:1)
  A frilled lizard (D:1)
  A rat (D:3)
241 creatures vanquished.

Vanquished Creatures (others)
  2 orcs (D:4)
  93 fulminant prisms
  10 fungi
  27 plants
132 creatures vanquished.

Grand Total: 373 creatures vanquished

Notes
Turn   | Place    | Note
-------+----------+-------------------------------------------
     0 | D:1      | PurpleRed the Deep Elf Brigand began the quest for the Orb.
     0 | D:1      | Reached XP level 1. HP: 12/12 MP: 3/3
   124 | D:2      | Found a white marble altar of Elyvilon.
   134 | D:2      | Reached skill level 1 in Spellcasting
   172 | D:1      | Found Acvannun's Jewellery Shop.
   238 | D:2      | Reached XP level 2. HP: 17/17 MP: 4/6
   252 | D:2      | Learned a level 1 spell: Sting
   394 | D:3      | Reached skill level 2 in Spellcasting
   452 | D:4      | Noticed a black bear
   492 | D:3      | Reached skill level 1 in Poison Magic
   546 | D:3      | Found a large runed translucent door.
   546 | D:3      | Found a large runed translucent door.
   548 | D:3      | Noticed toto42's ghost (amateur MiFi)
   610 | D:1      | Reached XP level 3. HP: 15/21 MP: 2/8
   732 | D:2      | Found a faded altar of an unknown god.
   816 | D:4      | Noticed a phantom
   827 | D:4      | Reached skill level 3 in Spellcasting
   844 | D:3      | HP: 1/21 [phantom (5)]
   865 | D:3      | Killed a phantom
   866 | D:3      | Reached skill level 4 in Spellcasting
   866 | D:3      | Reached XP level 4. HP: 26/26 MP: 10/12
   866 | D:3      | Reached XP level 5. HP: 30/30 MP: 10/13
   871 | D:3      | Learned a level 4 spell: Olgreb's Toxic Radiance
  1082 | D:4      | Noticed a steam dragon
  1175 | D:4      | Noticed Eustachio
  1201 | D:4      | Killed Eustachio
  1202 | D:4      | Reached skill level 5 in Spellcasting
  1202 | D:4      | Reached XP level 6. HP: 12/35 MP: 11/16
  1284 | D:4      | Found Bedus's General Store.
  1351 | D:4      | Reached skill level 6 in Spellcasting
  1351 | D:4      | Reached skill level 5 in Poison Magic
  1395 | D:4      | HP: 1/35 [something/ball of steam (12)]
  1404 | D:4      | Killed a steam dragon
  1405 | D:4      | Reached skill level 7 in Spellcasting
  1405 | D:4      | Reached XP level 7. HP: 30/39 MP: 9/19
  1492 | D:4      | Found a staircase to the Ecumenical Temple.
  1518 | Temple   | Entered the Ecumenical Temple
  1692 | D:4      | Found a glowing golden altar of the Shining One.
  1797 | D:4      | Identified the +1 scale mail "Xaczudul" {rElec Int+4}
  1817 | D:4      | Learned a level 1 spell: Slow
  1827 | D:5      | Entered Level 5 of the Dungeon
  1838 | D:5      | Reached skill level 1 in Hexes
  1865 | D:5      | Reached skill level 8 in Spellcasting
  1914 | D:5      | Learned a level 3 spell: Vampiric Draining
  2012 | D:5      | Reached skill level 1 in Necromancy
  2251 | D:6      | Reached XP level 8. HP: 44/44 MP: 19/22
  2289 | D:6      | Reached skill level 9 in Spellcasting
  2455 | D:6      | Learned a level 4 spell: Iskenderun's Mystic Blast
  2519 | D:7      | Reached skill level 1 in Conjurations
  2600 | D:7      | Found a transporter.
  2615 | D:7      | Noticed porkupine's ghost (novice NaDe)
  2684 | D:7      | Found a transporter.
  2692 | D:7      | Identified the +1 kite shield of Contumacious Music {*Slow
                  | rN+ Regen+}
  2768 | D:7      | Reached skill level 10 in Spellcasting
  2776 | D:7      | Reached skill level 1 in Translocations
  2883 | D:8      | Found a hide-covered altar of Uskayaw.
  2883 | D:8      | Found a radiant altar of Vehumet.
  2887 | D:8      | Became a worshipper of Vehumet
  2920 | D:8      | Reached XP level 9. HP: 42/48 MP: 7/25
  3002 | D:8      | Reached skill level 5 in Conjurations
  3040 | D:8      | Found a flagged portal.
  3048 | D:8      | Reached * piety under Vehumet
  3048 | D:8      | Offered knowledge of Shock by Vehumet.
  3065 | Bailey   | Entered a bailey
  3645 | D:4      | Bought a book of Conjurations for 280 gold pieces
  3645 | D:4      | Bought a scroll of teleportation for 42 gold pieces
  3650 | D:4      | Learned a level 4 spell: Fulminant Prism
  3758 | D:7      | Noticed Menkaure
  3770 | D:7      | Killed Menkaure
  3771 | D:7      | Reached skill level 11 in Spellcasting
  3964 | D:7      | Identified the ring "Moorgh" {rPois rN+ rCorr Str+3 Dex-4}
  4068 | D:8      | Found a runed translucent gate.
  4069 | D:8      | Found a runed translucent gate.
  4069 | D:8      | Noticed a nine-headed hydra
  4070 | D:8      | Found a runed translucent gate.
  4071 | D:8      | Noticed Dega's ghost (novice SpHu)
  4071 | D:8      | Noticed a ten-headed hydra
  4096 | D:8      | Learned a level 6 spell: Starburst
  4122 | D:9      | Reached ** piety under Vehumet
  4122 | D:9      | Offered knowledge of Scorch by Vehumet.
  4239 | D:9      | Noticed a white ugly thing
  4251 | D:9      | Noticed a six-headed hydra
  4252 | D:9      | Noticed a rakshasa
  4253 | D:9      | Reached XP level 10. HP: 53/53 MP: 9/27
  4255 | D:9      | Killed a white ugly thing
  4256 | D:9      | Reached skill level 12 in Spellcasting
  4261 | D:9      | Noticed a boulder beetle
  4262 | D:9      | Killed a six-headed hydra
  4274 | D:9      | Noticed a tengu warrior
  4279 | D:9      | Killed a rakshasa
  4280 | D:9      | Reached skill level 10 in Conjurations
  4290 | D:9      | Killed a boulder beetle
  4290 | D:9      | Offered knowledge of Ignite Poison by Vehumet.
  4293 | D:9      | Killed a tengu warrior
  4294 | D:9      | Reached skill level 13 in Spellcasting
  4305 | D:9      | Noticed a cyclops
  4455 | D:8      | Reached skill level 1 in Fire Magic
  4622 | D:9      | Noticed a cyclops
  4630 | D:9      | Killed a cyclops
  4655 | D:9      | Noticed a cyclops
  4662 | D:9      | Noticed a manticore
  4694 | D:9      | Found a burning altar of Makhleb.
  4746 | D:9      | Killed a cyclops
  4746 | D:9      | Reached *** piety under Vehumet
  4747 | D:9      | Reached XP level 11. HP: 54/57 MP: 13/30
  4863 | D:9      | Found a staircase to the Orcish Mines.
  4971 | D:10     | Entered Level 10 of the Dungeon
  4991 | D:10     | Found a shimmering altar of Xom.
  5288 | D:10     | Noticed a two-headed ogre
  5302 | D:10     | Offered knowledge of Hailstorm by Vehumet.
  5309 | D:10     | Reached skill level 5 in Fire Magic
  5310 | D:10     | Killed a two-headed ogre
  5320 | D:10     | Reached skill level 14 in Spellcasting
  5424 | D:10     | Found Ropeq's Jewellery Boutique.
  5614 | D:11     | Noticed a red ugly thing
  5616 | D:11     | Noticed a boulder beetle
  5725 | D:11     | Noticed an eight-headed hydra
  5892 | D:11     | Found a staircase to the Lair.
  5906 | Lair:1   | Entered Level 1 of the Lair of Beasts
  6161 | Lair:2   | Reached **** piety under Vehumet
  6294 | Lair:3   | Offered knowledge of Fireball by Vehumet.
  6304 | Lair:2   | Learned a level 5 spell: Fireball
  6309 | Lair:3   | Reached XP level 12. HP: 52/64 MP: 17/32
  6383 | Lair:2   | Noticed a boulder beetle
  6450 | Lair:3   | Reached skill level 15 in Spellcasting
  6567 | Lair:2   | Mangled by a boulder beetle

Illustrated notes

Levels and vault maps discovered:
D:1:      dpeg_arrival_rooms_c, layout_loops_ring, serial_shops,
          nicolae_square_shop, minmay_misc_feat_four_crosses
D:2:      layout_basic, shapermc_ecumenical_altar_mp_vishouse, basic_altar,
          minmay_misc_feat_hallway, dreamdust_wishing_well
D:3:      layout_basic, ebering_ghost_disaster_area, uniq_sigmund
D:4:      layout_cave_pools, old_standard_altar,
          minmay_temple_entry_statues_pillars, serial_shops, shop,
          uniq_eustachio
D:5:      layout_cave_pools
D:6:      layout_basic
D:7:      layout_rooms, gammafunk_ghost_gnarly_gnolls, uniq_menkaure
D:8:      layout_basic, gammafunk_temple_overflow_wave,
          gammafunk_ghost_hydra_chop, enter_bailey_4, serial_bayou_pond_e
D:9:      layout_rooms, lemuel_round_altar, orc_0_dummy, minivault_28
D:10:     layout_basic, kennysheep_mini, serial_shops,
          nicolae_shop_behind_doors, kennysheep_another_room,
          minmay_misc_feat_iff, nrook_campfire, serial_bayou_ford_a
D:11:     minmay_chambers_of_sixes, layout_small_grid, lair_entry_dummy,
          nicolae_trove_entry_free_sample, serial_ice, serial_ice_a,
          serial_ice_i, serial_ice_g, serial_ice_h, serial_ice_f, serial_ice_o,
          kennysheep_doodads
Temple:   bh_familiar_temple
Lair:1:   layout_cellular_growth, nzn_sisyphean_effort, grunt_megastairs_1,
          serial_bayou_shore_a, serial_bayou_shore_b
Lair:2:   layout_chaotic_city, hellmonk_spider_entry_not_the_bees,
          grunt_forest_stairs_basic
Lair:3:   layout_misc_corridors, gauntlet_entry_generic, grunt_megastairs_2

Skill      XL: |  1  2  3  4  5  6  7  8  9 10 11 12 |
---------------+-------------------------------------+-----
Spellcasting   | 1 2 4 5 7 8 10 11 13 14 15 | 15.3
Poison Magic   | 1 3 4 5 6 |  6.0
Hexes          | 3 4 |  4.0
Necromancy     | 2 3 |  3.0
Conjurations   | 4 8 11 12 | 12.9
Translocations | 1 3 |  3.0
Fire Magic     | 3 7 8 |  8.1
Fighting       | 3 |  3.0
Dodging        | 3 |  3.0
Short Blades   | |  2.0
Throwing       | |  2.0
Stealth        | |  4.8

Action                   |  1- 3 |  4- 6 |  7- 9 | 10-12 || total
-------------------------+-------+-------+-------+-------++-------
Melee: Dagger            |    68 |    25 |    46 |    90 ||   229
       Whip              |       |       |    88 |    68 ||   156
       Punch             |       |       |     1 |     4 ||     5
       Staff             |       |       |       |    12 ||    12
Throw: Dart              |    18 |    12 |    11 |       ||    41
       Throwing net      |       |     1 |       |       ||     1
       Boomerang         |       |       |     5 |     6 ||    11
       Javelin           |       |       |     5 |     4 ||     9
 Cast: Sting             |    16 |    10 |    15 |    13 ||    54
       Olgreb's Toxic Ra |       |     5 |    38 |     2 ||    45
       Vampiric Draining |       |       |     7 |     2 ||     9
       Slow              |       |       |     4 |     1 ||     5
       Fulminant Prism   |       |       |    17 |    76 ||    93
       Iskenderun's Myst |       |       |     8 |    31 ||    39
       Starburst         |       |       |       |    11 ||    11
       Fireball          |       |       |       |     3 ||     3
  Use: Potion            |     5 |     1 |     8 |     6 ||    20
       Scroll            |       |     7 |    14 |     4 ||    25
 Stab: Sleeping          |     6 |     4 |    16 |     1 ||    27
Armor: Robe              |    10 |     9 |     2 |       ||    21
       Skin              |    12 |       |     6 |    12 ||    30
       Steam dragon scal |       |       |    46 |     2 ||    48
       Troll leather arm |       |       |       |    91 ||    91
Dodge: Dodged            |    37 |    21 |    93 |   146 ||   297
Block: Kite shield       |     7 |       |       |       ||     7

Table legend: (Time is in decaauts)
 A = Elapsed time spent in this place.
 B = Non-inter-level travel time spent in this place.
 C = Inter-level travel time spent in this place.
 D = Time resting spent in this place.
 E = Time spent auto-exploring this place.
 F = Levels seen in this place.
 G = Mean time per level.
                   A        B        C        D        E       F      G
               +--------+--------+--------+--------+--------+-----+--------+
         Total |   6591 |   6566 |     25 |      0 |      0 |  16 |  411.9 |
       Dungeon |   5424 |   5399 |     25 |      0 |      0 |  11 |  493.1 |
        Temple |    154 |    154 |      0 |      0 |      0 |   1 |  154.0 |
          Lair |    665 |    665 |      0 |      0 |      0 |   3 |  221.7 |
        Bailey |    346 |    346 |      0 |      0 |      0 |   1 |  346.0 |
               +--------+--------+--------+--------+--------+-----+--------+

Top non-repeatable levels by time:
     D:4: 771 daAuts
     D:8: 689 daAuts
    D:10: 653 daAuts
     D:7: 632 daAuts
     D:9: 570 daAuts
     D:6: 568 daAuts
     D:3: 411 daAuts
  Bailey: 346 daAuts
     D:2: 310 daAuts
    D:11: 281 daAuts
     D:5: 273 daAuts
     D:1: 263 daAuts
  Lair:3: 242 daAuts
  Lair:1: 214 daAuts
  Lair:2: 208 daAuts
